 Dungeon Crawl Stone Soup version 0.25-a0-474-ga8a2ee3166 (webtiles) character file.

Game seed: 17303275419084399507, levelgen mode: deterministic

36 kae the Vexing (level 3, -3/24 HPs)
             Began as a Demonspawn Enchanter on Feb 8, 2020.
             Killed by nerve-wracking pain
             ... invoked by a shadow imp
              (10 damage)
             ... on level 2 of the Dungeon.
             The game lasted 00:01:31 (1459 turns).

kae the Vexing (Demonspawn Enchanter)               Turns: 1459, Time: 00:01:31

Health: -3/24      AC:  2    Str:  8    XL:     3   Next: 19%
Magic:  5/6        EV: 12    Int: 16    God:
Gold:   39         SH:  0    Dex: 14    Spells: 3/6 levels left

rFire    . . .     SeeInvis .   a - +1 dagger
rCold    . . .     Gourm    .   (no shield)
rNeg     . . .     Faith    .   b - +0 robe
rPois    .         Spirit   .   (no helmet)
rElec    .         Reflect  .   (no cloak)
rCorr    .         Harm     .   (no gloves)
MR       .....                  (no boots)
Stlth    ++........             (no amulet)
HPRegen  0.08/turn              (no ring)
MPRegen  0.10/turn              (no ring)

@: no status effects
A: demonic guardian 1
a: no special abilities


You were on level 2 of the Dungeon.
You were not hungry.

You visited 1 branch of the dungeon, and saw 2 of its levels.

You collected 39 gold pieces.

Inventory:

Hand Weapons
 a - a +1 dagger (weapon)
Armour
 b - a +0 robe (worn)
Jewellery
 n - a cursed -2 ring of protection {unknown}
 q - an uncursed ring of flight
Scrolls
 c - a scroll of identify {unknown}
 e - a scroll of fear {unknown}
 g - a scroll of blinking {unknown}
 h - a scroll of amnesia {unknown}
 m - a scroll of immolation {unknown}
 p - a scroll of magic mapping {unknown}
 r - a scroll of random uselessness {unknown}
Potions
 f - a potion of agility {unknown}
 i - a potion of invisibility {unknown}
 j - a potion of heal wounds {unknown}
 k - 2 potions of brilliance {unknown}
 o - a potion of might {unknown}
Comestibles
 d - 3 rations
 l - 5 chunks of flesh


   Skills:
 * Level 1.7 Short Blades
 + Level 2.0 Dodging
 + Level 3.0 Stealth
 + Level 2.2 Spellcasting
 + Level 3.2 Hexes


You had 3 spell levels left.
You knew the following spells:

 Your Spells              Type           Power        Failure   Level  Hunger
a - Corona                Hex            ##.....      5%          1    #......
b - Ensorcelled Hibernat  Hex/Ice        #.....       16%         2    ###....

Your spell library contained the following spells:

 Spells                   Type           Power        Failure   Level  Hunger
 Confusing Touch          Hex            ##......     16%         3    ###....
 Tukima's Dance           Hex            ##......     16%         3    ###....
 Dazzling Flash           Conj/Hex       #.....       30%         3    ###....


Dungeon Overview and Level Annotations

Branches:
Dungeon (2/15)

Altars:


Innate Abilities, Weirdness & Mutations

A weak demonic guardian rushes to your aid.


Message History

The hobgoblin hits you with a +0 club.
You hit the hobgoblin but do no damage.
The hobgoblin is heavily wounded.
The hobgoblin hits you but does no damage.
You hit the hobgoblin.
You kill the hobgoblin!
The shadow imp hits you.
You are too injured to fight recklessly!
The shadow imp gestures at you. Pain shoots through your body!
* * * LOW HITPOINT WARNING * * *
Casting: Corona (safe; 5% risk of failure)
Confirm with . or Enter, or press ? or * to list all spells.
Aiming: Corona (safe; 5% risk of failure)
Press: ? - help, Shift-Dir - straight line, f - shadow imp
Aim: a shadow imp (chance to defeat MR: 57%)
The shadow imp is outlined in light.
The shadow imp gestures at you. Pain shoots through your body!
You die...

##.............#
...............
.###...#.........
.................
.........).......
#...).....# .# #.#...%..5#
#.# ##...##.# ....g
#.##...##@##.#.#.
..................
##########........ #
######.##..... ...
##.#####...........#. ...
#.............##.#.# #..
..........###.## #.# #..#+#
.#............... . . #.....
######..###<##.###....#.....


You could see a shadow imp.

Vanquished Creatures
  An ooze (D:1)
  A leopard gecko (D:2)
  2 bats (D:1)
  2 giant cockroaches
  4 goblins (D:1)
  2 hobgoblins
  2 jackals (D:2)
  2 kobolds
  15 rats (D:1)
31 creatures vanquished.

Notes
Turn   | Place    | Note
-------+----------+-------------------------------------------
     0 | D:1      | kae the Demonspawn Enchanter began the quest for the Orb.
     0 | D:1      | Reached XP level 1. HP: 13/13 MP: 3/3
    17 | D:1      | Reached skill level 1 in Short Blades
   397 | D:1      | Gained mutation: A weak demonic guardian rushes to your
                  | aid. [demonic ancestry]
   397 | D:1      | Reached XP level 2. HP: 19/19 MP: 5/5
   608 | D:1      | Learned a level 2 spell: Ensorcelled Hibernation
  1344 | D:2      | Reached XP level 3. HP: 24/24 MP: 4/6
  1459 | D:2      | Killed from afar by a shadow imp

Levels and vault maps discovered:
D:1:      erik_arrival_orb_chamber, layout_rooms, minmay_tripent
D:2:      layout_basic, due_unseen_surprise

Skill      XL: |  1  2  3 |
---------------+----------+-----
Short Blades   | 1 |  1.7
Dodging        | 2 |  2.0
Stealth        | 3 |  3.0
Spellcasting   | |  2.2
Hexes          | |  3.2

Action                   || total
-------------------------++-------
Melee: Dagger            ||   133
 Cast: Corona            ||    11
       Ensorcelled Hiber ||     4
 Stab: Sleeping          ||     1
  Eat: Chunk             ||     2
Armor: Robe              ||    23
Dodge: Dodged            ||    83

Table legend:
 A = Non-vault XP
 B = Vault XP
 C = Vault XP percentage of total XP
 D = Non-vault monster count
 E = Vault monster count
 F = Vault count percentage of total count
                 A         B        C        D         E       F
            +---------+---------+-------+---------+---------+-------
      Total |      36 |      16 |  30.8 |      17 |      14 |  45.2
            +---------+---------+-------+---------+---------+-------
        D:1 |      24 |      16 |  40.0 |      11 |      14 |  56.0
        D:2 |      12 |       0 |   0.0 |       6 |       0 |   0.0
            +---------+---------+-------+---------+---------+-------
